 Dungeon Crawl Stone Soup version 0.28.0-47-ge53b351184 (webtiles) character file.

Game seed: 1889307030351958935

5426 boopmooplesden the Cleaver (level 10, -3/91 HPs)
             Began as a Minotaur Berserker on May 3, 2022.
             Was an Elder of Trog.
             Killed from afar by a deep elf pyromancer (9 damage)
             ... with a sticky flame
             ... on level 10 of the Dungeon.
             The game lasted 00:11:58 (8027 turns).

boopmooplesden the Cleaver (Minotaur Berserker)     Turns: 8027, Time: 00:11:59

Health: -3/91      AC:  6    Str: 25    XL:     10   Next: 40%
Magic:  9/9        EV: 16    Int: 10    God:    Trog [****..]
Gold:   256        SH:  0    Dex: 17    Spells: 9/9 levels left

rFire   . . .      SeeInvis .   A - +6 falchion "Ynebabecet" {flame, Drain Str+4 Int+6 Dex+2}
rCold   . . .      Faith    .   (no shield)
rNeg    . . .      Spirit   .   h - +0 troll leather armour {Pargi}
rPois   .          Reflect  .   (helmet restricted)
rElec   .          Harm     .   (no cloak)
rCorr   .          Rampage  .   (no gloves)
Will    .....                   C - +0 pair of boots
Stlth   +.........              g - amulet of the acrobat
HPRegen 1.05/turn               (no ring)
MPRegen 0.11/turn               (no ring)

@: on fire, on berserk cooldown, slowed, glowing, very slow
A: horns 2, retaliatory headbutt
a: Renounce Religion, Berserk, Trog's Hand, Brothers in Arms


You were on level 10 of the Dungeon.
You worshipped Trog.
Trog was greatly pleased with you.
You visited 1 branch of the dungeon, and saw 10 of its levels.
You also visited: Sewer.

You collected 522 gold pieces.
You spent 266 gold pieces at shops.

Inventory:

Hand Weapons
 a - a +1 hand axe
 c - a +0 hunting sling
 f - a +1 whip of electrocution
 o - a +0 war axe
 z - the +6 hunting sling "Pouhuemuom" {venom, Will- Dex+5}
   (You bought it in a shop on level 7 of the Dungeon)

   Any ammunition fired from it poisons the flesh of those it strikes.
   Dex:       It affects your dexterity (+5).
   Will:      It decreases your willpower.
 A - the +6 falchion "Ynebabecet" (weapon) {flame, Drain Str+4 Int+6 Dex+2}
   (You found it on level 7 of the Dungeon)

   It burns those it strikes, dealing additional fire damage.
   Big, fiery blades are also staple armaments of hydra-hunters.
   Str:       It affects your strength (+4).
   Int:       It affects your intelligence (+6).
   Dex:       It affects your dexterity (+2).
   Drain:     It drains your maximum health when unequipped.
Missiles
 t - 9 javelins (quivered)
Armour
 d - a +1 robe of fire resistance
 h - a +0 troll leather armour (worn) {Pargi}
 C - a +0 pair of boots (worn)
Jewellery
 g - an amulet of the acrobat (around neck)
 v - a ring of poison resistance
 H - a +6 ring of dexterity
Wands
 l - a wand of flame (18)
 B - a wand of mindburst (11)
 K - a wand of polymorph (3)
Scrolls
 b - a scroll of fear
 e - 11 scrolls of identify
 p - 3 scrolls of fog
 u - 2 scrolls of torment {unknown}
 w - 2 scrolls of teleportation
 x - a scroll of enchant armour {unknown}
 y - a scroll of amnesia {unknown}
 D - a scroll of brand weapon {unknown}
 E - a scroll of blinking {unknown}
 F - a scroll of silence {unknown}
 G - a scroll of magic mapping
 J - a scroll of enchant weapon
Potions
 i - 4 potions of heal wounds {unknown}
 j - a potion of ambrosia {unknown}
 k - a potion of degeneration {unknown}
 m - a potion of brilliance {unknown}
 n - a potion of lignification {unknown}
 q - a potion of mutation {unknown}
 r - a potion of curing {unknown}
 s - 2 potions of flight {unknown}
 I - a potion of invisibility {unknown}


   Skills:
 + Level 9.2 Fighting
 + Level 7.7 Long Blades
 - Level 10.0 Axes
 + Level 6.1 Armour
 + Level 7.6 Dodging
 + Level 4.3 Stealth


You had 9 spell levels left.
You didn't know any spells.
Your spell library was empty.

Dungeon Overview and Level Annotations

Branches:
Dungeon (10/15)            Temple (0/1) D:6           Sewer (visited)
   Lair: D:8-11         Orc: D:9-12

Altars:
Ashenzari
Elyvilon
Fedhas
Gozag
Sif Muna
Uskayaw
Vehumet
Zin

Shops:
D:7 (**!


Innate Abilities, Weirdness & Mutations

You have a pair of horns on your head.
You reflexively headbutt those who attack you in melee.


Message History

Things that are here:
a +2 scimitar of flaming; a +0 pair of boots You barely miss the fire elemental.
The fire elemental misses you. x2
You furiously retaliate!
You headbutt the fire elemental!
The deep elf pyromancer gestures at you while chanting.
The bolt of fire hits the fire elemental.
The fire elemental completely resists.
The bolt of fire hits you!!!
* * * LOW HITPOINT WARNING * * *
You closely miss the fire elemental. The fire elemental closely misses you.
The fire elemental hits you. The fire elemental burns you!
* * * LOW HITPOINT WARNING * * *
You slash the fire elemental!
The fire elemental is moderately damaged.
You closely miss the fire elemental.
Your headbutt misses the fire elemental.
The fire elemental is moderately damaged.
The fire elemental barely misses you. You furiously retaliate!
You headbutt the fire elemental! The fire elemental hits you.
The fire elemental burns you!
* * * LOW HITPOINT WARNING * * *
The deep elf pyromancer closely misses you.
The fire elemental closely misses you. You furiously retaliate!
You headbutt the fire elemental! You slash the deep elf pyromancer!
You burn the deep elf pyromancer.
Your headbutt misses the deep elf pyromancer.
The deep elf pyromancer is moderately wounded.
You are no longer berserk.
You are exhausted.
You feel yourself slow down.
The deep elf pyromancer gestures wildly while chanting.
You slash the deep elf pyromancer! You burn the deep elf pyromancer.
The deep elf pyromancer is severely wounded.
The fire elemental barely misses you. The fire elemental closely misses you.
The fire elemental hits you. The fire elemental burns you!
* * * LOW HITPOINT WARNING * * *
The fire elemental closely misses you.
The deep elf pyromancer gestures at you while chanting.
The sticky flame hits you!
You are covered in liquid flames!
You die...

#.#.#.#.## #.#...#.## #
#.###.# #.#.# #.#
#.#.###.# #.......#
###.#####
#################.#
......(@........#.#####.
.....EeEE..##.#.........
##....☼##°....#########.
........☼..##.#
##..#..##$.#..#
#..#..#..##[.#
##...##..#...# #...
..##...# # ..


You could see a deep elf pyromancer and 3 fire elementals.

Vanquished Creatures
  A centaur warrior (D:10)
  An oklob plant (D:9)
  Joseph (D:7)
  A gargoyle (D:7)
  An efreet (D:10)
  Sigmund (D:4)
  A steam dragon (D:9)
  A water moccasin (D:7)
  Pargi (Sewer)
  An acid dragon (D:9)
  3 orc warriors
  2 black bears (D:6)
  2 ice beasts
  2 sky beasts
  2 ogres
  A necrophage (D:7)
  3 centaurs
  Blork the orc (D:4)
  3 bullfrogs
  A water moccasin zombie (D:5)
  12 wights
  2 howler monkeys
  2 centaur zombies (D:7)
  A bullfrog zombie (D:3)
  A gnoll shaman (D:9)
  5 hounds
  A jelly (D:7)
  2 orc priests
  3 orc wizards
  Ijyb (D:4)
  3 iguanas
  A killer bee zombie (D:8)
  2 hound zombies (D:5)
  A howler monkey zombie (D:8)
  11 gnolls
  5 adders
  A worm (D:2)
  A dart slug (D:4)
  19 orcs
  8 ball pythons
  2 bats (D:1)
  5 endoplasms
  3 giant cockroaches
  3 goblins
  8 hobgoblins
  6 jackals (D:1)
  14 kobolds
  6 quokkas
  5 frilled lizards
  5 rats
169 creatures vanquished.

Vanquished Creatures (others)
  An orc (D:8)
  4 fungi (D:9)
  A plant (D:7)
6 creatures vanquished.

Grand Total: 175 creatures vanquished

Notes
Turn   | Place    | Note
-------+----------+-------------------------------------------
     0 | D:1      | boopmooplesden the Minotaur Berserker began the quest for
                  | the Orb.
     0 | D:1      | Reached XP level 1. HP: 19/19 MP: 0/0
    82 | D:1      | Reached XP level 2. HP: 22/27 MP: 1/1
    88 | D:1      | Reached skill level 4 in Axes
   614 | D:1      | Reached XP level 3. HP: 26/34 MP: 2/2
   929 | D:2      | Reached ** piety under Trog
  1051 | D:2      | Reached XP level 4. HP: 27/41 MP: 3/3
  1703 | D:2      | Reached skill level 5 in Axes
  2227 | D:3      | Found a glowing drain.
  2248 | Sewer    | Entered a sewer
  2366 | Sewer    | Noticed Pargi
  2375 | Sewer    | Killed Pargi
  2376 | Sewer    | Reached skill level 5 in Fighting
  2376 | Sewer    | Reached skill level 1 in Stealth
  2376 | Sewer    | Reached XP level 5. HP: 33/48 MP: 4/4
  2672 | D:3      | Reached XP level 6. HP: 48/56 MP: 5/5
  2791 | D:3      | Reached skill level 6 in Axes
  3021 | D:4      | Noticed an ice beast
  3025 | D:4      | Killed an ice beast
  3155 | D:4      | Noticed Sigmund
  3162 | D:4      | Killed Sigmund
  3163 | D:4      | Reached XP level 7. HP: 54/62 MP: 6/6
  3185 | D:4      | Reached skill level 7 in Axes
  3277 | D:4      | Noticed Ijyb
  3293 | D:4      | Killed Ijyb
  3532 | D:4      | Noticed Blork the orc
  3544 | D:4      | Killed Blork the orc
  3545 | D:4      | Reached skill level 5 in Dodging
  3765 | D:5      | Entered Level 5 of the Dungeon
  3930 | D:5      | Reached XP level 8. HP: 65/71 MP: 7/7
  4086 | D:5      | Reached *** piety under Trog
  4238 | D:5      | Reached skill level 8 in Axes
  4937 | D:6      | Found a broken altar of Ashenzari.
  4949 | D:6      | Reached skill level 9 in Axes
  5111 | D:6      | Found a staircase to the Ecumenical Temple.
  5539 | D:7      | Found a hide-covered altar of Uskayaw.
  5566 | D:7      | Reached skill level 5 in Armour
  5621 | D:7      | Found Vipn's Antique Weapon Emporium.
  5628 | D:7      | Bought a bloodstained hunting sling for 208 gold pieces
  5628 | D:7      | Identified the +6 hunting sling "Pouhuemuom" {venom, Will-
                  | Dex+5} (You bought it in a shop on level 7 of the Dungeon)
  5671 | D:7      | Found a shimmering blue altar of Sif Muna.
  5779 | D:7      | Reached XP level 9. HP: 76/79 MP: 8/8
  5857 | D:7      | Found Jut Yqi's Distillery.
  5959 | D:7      | Found Jahaulez's Assorted Antiques.
  5981 | D:7      | Identified the +6 falchion "Ynebabecet" {flame, Drain Str+4
                  | Int+6 Dex+2}
  6046 | D:7      | Noticed Joseph
  6059 | D:7      | Killed Joseph
  6135 | D:7      | Reached skill level 10 in Axes
  6181 | D:7      | Found Gituxa's General Store.
  6187 | D:7      | Bought a +0 pair of boots for 58 gold pieces
  6221 | D:7      | Reached skill level 1 in Long Blades
  6363 | D:7      | Noticed a gargoyle
  6374 | D:7      | Killed a gargoyle
  6536 | D:8      | Found an opulent altar of Gozag.
  6771 | D:8      | Found a white marble altar of Elyvilon.
  6830 | D:8      | Found a radiant altar of Vehumet.
  6879 | D:8      | Reached skill level 5 in Long Blades
  6990 | D:8      | Found a glowing silver altar of Zin.
  7546 | D:9      | Reached XP level 10. HP: 80/90 MP: 9/9
  7577 | D:9      | Found a blossoming altar of Fedhas.
  7600 | D:9      | Noticed an oklob plant
  7622 | D:9      | Killed an oklob plant
  7894 | D:9      | Reached **** piety under Trog
  7932 | D:10     | Entered Level 10 of the Dungeon
  8008 | D:10     | Noticed a centaur warrior
  8015 | D:10     | Killed a centaur warrior
  8016 | D:10     | Noticed a deep elf pyromancer
  8027 | D:10     | Killed from afar by a deep elf pyromancer

Illustrated notes

Levels and vault maps discovered:
D:1:      dpeg_arrival_three_same_balls, layout_rooms
D:2:      layout_loops_ring
D:3:      layout_rooms, portal_sewer_entry_f, bh_walls_and_bars
D:4:      layout_loops_ring, minmay_misc_feat_encased, uniq_blork_the_orc,
          uniq_sigmund, uniq_ijyb
D:5:      layout_basic, minmay_misc_feat_columns
D:6:      layout_loops_ring, mainiacjoe_overflow_alcove_1, temple_pool_b
D:7:      cheibrodos_two_vegetables, layout_basic, led_sif_pool,
          mainiacjoe_overflow_small_starburst, serial_shops,
          nicolae_shop_statue_plus, nicolae_shop_hallway_plus,
          nicolae_shop_advertising_works [nicolae_subvault_shop_adworks], shop,
          uniq_joseph
D:8:      layout_loops_corners, elyvilon_altar_3, zin_statuary,
          nicolae_gozag_cash_rules_everything_around_me,
          nicolae_vehumet_altar_sigil
D:9:      layout_cave_pools, tgw_fedhas
D:10:     minmay_tri_box, layout_loops_corners, okawaru_ov_weapons_minmay,
          lair_entry_dummy, kennysheep_generic_room_16

Skill      XL: |  1  2  3  4  5  6  7  8  9 10 |
---------------+-------------------------------+-----
Axes           | 4 5 6 7 9 10 | 10.0
Fighting       | 4 5 6 7 8 9 |  9.2
Dodging        | 3 4 5 6 7 |  7.6
Stealth        | 1 2 3 4 |  4.3
Armour         | 3 5 6 |  6.1
Long Blades    | 6 7 |  7.7

Action                   |  1- 3 |  4- 6 |  7- 9 | 10-12 || total
-------------------------+-------+-------+-------+-------++-------
Melee: Hand axe          |    67 |   128 |    94 |       ||   289
       Headbutt          |     9 |    17 |    46 |    10 ||    82
       Punch             |       |     1 |     4 |       ||     5
       War axe           |       |       |    59 |       ||    59
       Falchion          |       |       |    72 |    44 ||   116
Invok: Berserk           |       |     3 |     4 |     2 ||     9
  Use: Scroll            |     1 |     5 |     3 |       ||     9
 Stab: Sleeping          |       |     2 |     2 |     1 ||     5
Armor: Animal skin       |     3 |       |       |       ||     3
       Robe              |     8 |    21 |       |       ||    29
       Troll leather arm |       |    14 |    40 |     8 ||    62
Dodge: Dodged            |    55 |    70 |   199 |    26 ||   350
